| TOP OF THE 1ST |
|
Minnesota (NYP) Twins batting - Pitching for Mahoning Valley Scrappers : RHP Marquis Williams
|
|
Pitching: RHP Marquis Williams
|
|
|
Batting: SHB Manny Molina
|
0-0: Ball 1-0: Foul Ball, location: 2F 1-1: Ball 2-1: Foul Ball, location: 2F 2-2: Strikes out looking
|
|
Batting: SHB Matt Urbani
|
0-0: Foul Ball, location: 2F 0-1: Called Strike 0-2: Ground out U3 (Groundball, 13, EV 86.9 MPH)
|
|
Batting: LHB Kuemon Shishido
|
0-0: Ball 1-0: Called Strike 1-1: Swinging Strike 1-2: Foul Ball, location: 2F 1-2: Strikes out swinging
|
| Top of the 1st over - 0 runs, 0 hits, 0 errors, 0 left on base; Minnesota (NYP) 0 - Mahoning Valley 0 |
| BOTTOM OF THE 1ST |
|
Mahoning Valley Scrappers batting - Pitching for Minnesota (NYP) Twins : RHP Tom Winsor
|
|
Pitching: RHP Tom Winsor
|
|
|
Batting: SHB Javon Mitchell
|
0-0: Called Strike 0-1: Ball 1-1: Called Strike 1-2: DOUBLE (Flyball, 8LD, EV 93.8 MPH)
|
|
Batting: RHB Luke Burnham
|
0-0: Called Strike 0-1: Foul Ball, location: 2F 0-2: Ball 1-2: Strikes out swinging
|
|
Batting: RHB Steve Gusman
|
0-0: Ball Javon Mitchell steals 3rd base 1-0: Foul Ball, location: 2F 1-1: SINGLE (Line Drive, 6M, EV 95.0 MPH) Javon Mitchell scores
|
|
Batting: LHB Jeff Palmowski
|
0-0: Called Strike Steve Gusman steals 2nd base 0-1: Ball 1-1: Ball 2-1: Ball 3-1: Base on Balls
|
|
Batting: RHB Luis Roman
|
0-0: SINGLE (Line Drive, 9S, EV 98.8 MPH) Steve Gusman to third Jeff Palmowski to second
|
|
Batting: SHB Jay Rook
|
0-0: Called Strike 0-1: Ball 1-1: Foul Ball, location: 2F 1-2: Ball 2-2: Foul Ball, location: 2F 2-2: Fielders Choice at 2nd, 3-6 (Groundball, 34S, EV 88.8 MPH) Steve Gusman scores Jeff Palmowski to third
|
|
Batting: RHB Justin Teague
|
0-0: Ball 1-0: Ball 2-0: Called Strike 2-1: Foul Ball, location: 2F 2-2: Foul Ball, location: 2F 2-2: SINGLE (Groundball, 6MD, EV 100.6 MPH) Jeff Palmowski scores Jay Rook to second
|
|
Batting: RHB Jose Argueta
|
0-0: Foul Ball, location: 2F 0-1: Foul Ball, location: 2F 0-2: Strikes out swinging
|
| Bottom of the 1st over - 3 runs, 4 hits, 0 errors, 2 left on base; Minnesota (NYP) 0 - Mahoning Valley 3 |
| TOP OF THE 2ND |
|
Minnesota (NYP) Twins batting - Pitching for Mahoning Valley Scrappers : RHP Marquis Williams
|
|
Batting: SHB Chris Hull
|
0-0: Ball 1-0: Ball 2-0: Called Strike 2-1: Ball 3-1: Ground out 3-1 (Groundball, 34S, EV 91.2 MPH)
|
|
Batting: RHB Ryan Starks
|
0-0: Ball 1-0: SINGLE (Groundball, 6MD, EV 105.0 MPH)
|
|
Batting: LHB Antonio Gutierrez
|
0-0: Grounds into double play, 4-6-3 (Groundball, 4, EV 102.5 MPH)
|
| Top of the 2nd over - 0 runs, 1 hit, 0 errors, 0 left on base; Minnesota (NYP) 0 - Mahoning Valley 3 |
| BOTTOM OF THE 2ND |
|
Mahoning Valley Scrappers batting - Pitching for Minnesota (NYP) Twins : RHP Tom Winsor
|
|
Batting: RHB Aaron Stout
|
0-0: SINGLE (Line Drive, 89S, EV 96.9 MPH)
|
|
Batting: SHB Javon Mitchell
|
0-0: Ball Aaron Stout steals 2nd, throwing error, E2 Aaron Stout to third 1-0: 2-RUN HOME RUN (Flyball, 9LD, EV 96.9 MPH), Distance : 354 ft
|
|
Batting: RHB Luke Burnham
|
0-0: Ball 1-0: Called Strike 1-1: Swinging Strike 1-2: Ball 2-2: Fly out, F7 (Flyball, 78M, EV 97.5 MPH)
|
|
Batting: RHB Steve Gusman
|
0-0: Ball 1-0: Ground out 6-3 (Groundball, 6, EV 103.8 MPH)
|
|
Batting: LHB Jeff Palmowski
|
0-0: Ball 1-0: Swinging Strike 1-1: Called Strike 1-2: Strikes out swinging
|
| Bottom of the 2nd over - 2 runs, 2 hits, 1 error, 0 left on base; Minnesota (NYP) 0 - Mahoning Valley 5 |
| TOP OF THE 3RD |
|
Minnesota (NYP) Twins batting - Pitching for Mahoning Valley Scrappers : RHP Marquis Williams
|
|
Pitching: RHP Luis Lorez
|
|
|
Batting: RHB Israel Gaona
|
0-0: Swinging Strike 0-1: Ball 1-1: SINGLE (Groundball, 25, EV 63.1 MPH) (infield hit)
|
|
Batting: LHB Jayden Thomas
|
0-0: Ball Israel Gaona is caught stealing 2nd base 2-6 1-0: Ball 2-0: Called Strike 2-1: Foul Ball, location: 2F 2-2: DOUBLE (Line Drive, 78XD, EV 105.6 MPH)
|
|
Batting: RHB Andrew Rich
|
0-0: Called Strike 0-1: Ball 1-1: Ball 2-1: Ground out 5-3 (Groundball, 15, EV 86.2 MPH)
|
|
Batting: SHB Manny Molina
|
0-0: Ball 1-0: Swinging Strike 1-1: Swinging Strike 1-2: Ball 2-2: Strikes out swinging
|
| Top of the 3rd over - 0 runs, 2 hits, 0 errors, 1 left on base; Minnesota (NYP) 0 - Mahoning Valley 5 |
| BOTTOM OF THE 3RD |
|
Mahoning Valley Scrappers batting - Pitching for Minnesota (NYP) Twins : RHP Tom Winsor
|
|
Batting: RHB Luis Roman
|
0-0: Called Strike 0-1: Ball 1-1: Ball 2-1: Foul Ball, location: 2F 2-2: Ball 3-2: Base on Balls
|
|
Pitching: RHP Matt Lundy
|
|
|
Batting: SHB Jay Rook
|
0-0: Called Strike 0-1: Called Strike 0-2: Ball 1-2: Foul Ball, location: 2F 1-2: Strikes out swinging
|
|
Batting: RHB Justin Teague
|
0-0: Called Strike 0-1: Ball 1-1: Ball 2-1: Swinging Strike 2-2: Ball 3-2: Base on Balls Luis Roman to second
|
|
Batting: RHB Jose Argueta
|
0-0: Grounds into double play, 4-6-3 (Groundball, 4M, EV 99.4 MPH)
|
| Bottom of the 3rd over - 0 runs, 0 hits, 0 errors, 1 left on base; Minnesota (NYP) 0 - Mahoning Valley 5 |
| TOP OF THE 4TH |
|
Minnesota (NYP) Twins batting - Pitching for Mahoning Valley Scrappers : RHP Luis Lorez
|
|
Batting: SHB Matt Urbani
|
0-0: Ball 1-0: Called Strike 1-1: Ball 2-1: Ball 3-1: Base on Balls
|
|
Batting: LHB Kuemon Shishido
|
0-0: Foul Ball, location: 2F 0-1: Swinging Strike 0-2: Foul Ball, location: 2F 0-2: DOUBLE (Flyball, 7LD, EV 98.8 MPH) Matt Urbani to third
|
|
Pitching: LHP Baltwin van Vliet
|
|
|
Batting: SHB Chris Hull
|
0-0: Swinging Strike 0-1: Ball 1-1: Ball 2-1: Ball 3-1: Swinging Strike 3-2: Foul Ball, location: 2F 3-2: Strikes out swinging
|
|
Batting: RHB Ryan Starks
|
0-0: Ball 1-0: Ball 2-0: DOUBLE (Groundball, 5L, EV 102.5 MPH) Matt Urbani scores Kuemon Shishido scores
|
|
Batting: LHB Antonio Gutierrez
|
0-0: Called Strike 0-1: Called Strike 0-2: Ball 1-2: Strikes out swinging
|
|
Batting: RHB Israel Gaona
|
0-0: Called Strike 0-1: 2-RUN HOME RUN (Flyball, 7D, EV 95.0 MPH), Distance : 383 ft
|
|
Batting: LHB Jayden Thomas
|
0-0: Ball 1-0: Called Strike 1-1: Ball 2-1: Ball 3-1: SINGLE (Groundball, 4MD, EV 96.9 MPH)
|
|
Pitching: RHP Zack Sharp
|
|
|
Batting: RHB Andrew Rich
|
0-0: Ball 1-0: Ball 2-0: Called Strike 2-1: Ground out 4-3 (Groundball, 4, EV 84.4 MPH)
|
| Top of the 4th over - 4 runs, 4 hits, 0 errors, 1 left on base; Minnesota (NYP) 4 - Mahoning Valley 5 |
| BOTTOM OF THE 4TH |
|
Mahoning Valley Scrappers batting - Pitching for Minnesota (NYP) Twins : RHP Matt Lundy
|
|
Batting: RHB Aaron Stout
|
0-0: Called Strike 0-1: Ball 1-1: Ground out 5-3 (Groundball, 56, EV 98.8 MPH)
|
|
Batting: SHB Javon Mitchell
|
0-0: Called Strike 0-1: Fly out, F8 (Flyball, 8LM, EV 90.0 MPH)
|
|
Batting: RHB Luke Burnham
|
0-0: Called Strike 0-1: Ball 1-1: Foul Ball, location: 2F 1-2: Ball 2-2: Strikes out swinging
|
| Bottom of the 4th over - 0 runs, 0 hits, 0 errors, 0 left on base; Minnesota (NYP) 4 - Mahoning Valley 5 |
| TOP OF THE 5TH |
|
Minnesota (NYP) Twins batting - Pitching for Mahoning Valley Scrappers : RHP Zack Sharp
|
|
Batting: SHB Manny Molina
|
0-0: Ball 1-0: Foul Ball, location: 2F 1-1: Foul Ball, location: 2F 1-2: Ground out 4-3 (Groundball, 4S, EV 74.4 MPH)
|
|
Batting: SHB Matt Urbani
|
0-0: Ball 1-0: Ball 2-0: Called Strike 2-1: Ball 3-1: Base on Balls
|
|
Batting: LHB Kuemon Shishido
|
0-0: Ball Matt Urbani is caught stealing 2nd base 2-6 1-0: Called Strike 1-1: Swinging Strike 1-2: Ball 2-2: Ball 3-2: Foul Ball, location: 2F 3-2: SINGLE (Groundball, 4MD, EV 96.9 MPH)
|
|
Pitching: LHP Darrell Verkaik
|
|
|
Batting: SHB Chris Hull
|
0-0: Ball 1-0: Called Strike 1-1: Swinging Strike 1-2: Strikes out swinging
|
| Top of the 5th over - 0 runs, 1 hit, 0 errors, 1 left on base; Minnesota (NYP) 4 - Mahoning Valley 5 |
| BOTTOM OF THE 5TH |
|
Mahoning Valley Scrappers batting - Pitching for Minnesota (NYP) Twins : RHP Matt Lundy
|
|
Batting: RHB Steve Gusman
|
0-0: Called Strike 0-1: Foul Ball, location: 2F 0-2: Foul Ball, location: 2F 0-2: Ground out 6-3 (Groundball, P, EV 90.0 MPH)
|
|
Batting: LHB Jeff Palmowski
|
0-0: Ball 1-0: Called Strike 1-1: Ball 2-1: Ground out U3 (Groundball, 13, EV 87.5 MPH)
|
|
Batting: RHB Luis Roman
|
0-0: Ball 1-0: Called Strike 1-1: Swinging Strike 1-2: Foul Ball, location: 2F 1-2: Strikes out swinging
|
| Bottom of the 5th over - 0 runs, 0 hits, 0 errors, 0 left on base; Minnesota (NYP) 4 - Mahoning Valley 5 |
| TOP OF THE 6TH |
|
Minnesota (NYP) Twins batting - Pitching for Mahoning Valley Scrappers : LHP Darrell Verkaik
|
|
Batting: RHB Ryan Starks
|
0-0: Foul Ball, location: 2F 0-1: Ball 1-1: DOUBLE (Line Drive, 9LS, EV 106.2 MPH)
|
|
Batting: LHB Antonio Gutierrez
|
0-0: Called Strike 0-1: Ball 1-1: Called Strike 1-2: Foul Ball, location: 2F 1-2: Foul Ball, location: 2F 1-2: Fly out, F8 (Line Drive, 8RS, EV 113.8 MPH)
|
|
Batting: RHB Israel Gaona
|
0-0: Ball 1-0: Called Strike 1-1: Ball 2-1: Ball 3-1: Called Strike 3-2: Foul Ball, location: 2F 3-2: Fly out, F9 (Flyball, 9D, EV 80.0 MPH) Runner from 2nd tags up, SAFE at 3rd, no throw by RF
|
|
Batting: LHB Jayden Thomas
|
0-0: Ball 1-0: Foul Ball, location: 2F 1-1: Swinging Strike 1-2: Ball 2-2: Ball 3-2: DOUBLE (Line Drive, 89M, EV 88.8 MPH) Ryan Starks scores
|
|
Batting: RHB Andrew Rich
|
0-0: Foul Ball, location: 2F 0-1: SINGLE (Groundball, 4M, EV 103.8 MPH) (infield hit) Jayden Thomas to third
|
|
Batting: SHB Manny Molina
|
0-0: Ball 1-0: Swinging Strike 1-1: Ball 2-1: Swinging Strike 2-2: Strikes out looking
|
| Top of the 6th over - 1 run, 3 hits, 0 errors, 2 left on base; Minnesota (NYP) 5 - Mahoning Valley 5 |
| BOTTOM OF THE 6TH |
|
Mahoning Valley Scrappers batting - Pitching for Minnesota (NYP) Twins : RHP Matt Lundy
|
|
Batting: SHB Jay Rook
|
0-0: Called Strike 0-1: Called Strike 0-2: Strikes out swinging
|
|
Batting: RHB Justin Teague
|
0-0: Ground out 4-3 (Groundball, 34, EV 90.0 MPH)
|
|
Batting: RHB Jose Argueta
|
0-0: Swinging Strike 0-1: Ball 1-1: Fly out, F8 (Flyball, 8LM, EV 82.5 MPH)
|
| Bottom of the 6th over - 0 runs, 0 hits, 0 errors, 0 left on base; Minnesota (NYP) 5 - Mahoning Valley 5 |
| TOP OF THE 7TH |
|
Minnesota (NYP) Twins batting - Pitching for Mahoning Valley Scrappers : LHP Darrell Verkaik
|
|
Batting: SHB Matt Urbani
|
0-0: Fly out, F9 (Flyball, 89M, EV 95.0 MPH)
|
|
Batting: LHB Kuemon Shishido
|
0-0: Ball 1-0: Ball 2-0: Fly out, F9 (Line Drive, 9, EV 96.2 MPH)
|
|
Batting: SHB Chris Hull
|
0-0: Ball 1-0: Called Strike 1-1: SINGLE (Groundball, 34D, EV 96.2 MPH)
|
|
Batting: RHB Ryan Starks
|
0-0: Swinging Strike 0-1: Fly out, F8 (Flyball, 89M, EV 80.6 MPH)
|
| Top of the 7th over - 0 runs, 1 hit, 0 errors, 1 left on base; Minnesota (NYP) 5 - Mahoning Valley 5 |
| BOTTOM OF THE 7TH |
|
Mahoning Valley Scrappers batting - Pitching for Minnesota (NYP) Twins : RHP Matt Lundy
|
|
Pitching: RHP Willie Romero
|
|
|
Batting: RHB Aaron Stout
|
0-0: Ball 1-0: Called Strike 1-1: Called Strike 1-2: Foul Ball, location: 2F 1-2: Ball 2-2: Ball 3-2: SINGLE (Groundball, 34D, EV 108.1 MPH)
|
|
Batting: SHB Javon Mitchell
|
0-0: Bunt missed! 0-1: Bunted foul 0-2: Foul Ball, location: 2F 0-2: Ball 1-2: Ball 2-2: Foul Ball, location: 2F 2-2: Foul Ball, location: 2F 2-2: Fielders Choice at 2nd, 6-4 (Groundball, 6, EV 97.5 MPH)
|
|
Batting: RHB Luke Burnham
|
0-0: Called Strike Javon Mitchell steals 2nd base 0-1: Ball 1-1: Foul Ball, location: 2F 1-2: Ground out 3-1 (Groundball, 34, EV 86.9 MPH) Javon Mitchell to third
|
|
Batting: RHB Steve Gusman
|
0-0: DOUBLE (Groundball, 5L, EV 95.6 MPH) Javon Mitchell scores
|
|
Batting: LHB Jeff Palmowski
|
0-0: Swinging Strike 0-1: 2-RUN HOME RUN (Flyball, 89XD, EV 105.0 MPH), Distance : 408 ft
|
|
Pitching: RHP Regan Kalinski
|
|
|
Batting: RHB Luis Roman
|
0-0: Called Strike 0-1: Foul Ball, location: 2F 0-2: Foul Ball, location: 2F 0-2: Fly out, F7 (Flyball, 78S, EV 90.6 MPH)
|
| Bottom of the 7th over - 3 runs, 3 hits, 0 errors, 0 left on base; Minnesota (NYP) 5 - Mahoning Valley 8 |
| TOP OF THE 8TH |
|
Minnesota (NYP) Twins batting - Pitching for Mahoning Valley Scrappers : LHP Darrell Verkaik
|
|
Batting: LHB Antonio Gutierrez
|
0-0: Called Strike 0-1: Ball 1-1: Ball 2-1: SINGLE (Groundball, 25, EV 75.6 MPH) (infield hit)
|
|
Batting: RHB Israel Gaona
|
Balk! Antonio Gutierrez to second 0-0: Ball 1-0: Called Strike 1-1: Foul Ball, location: 2F 1-2: Fly out, F8 (Flyball, 8RM, EV 83.8 MPH)
|
|
Batting: LHB Jayden Thomas
|
0-0: Called Strike 0-1: Ball 1-1: SINGLE (Groundball, 6MD, EV 99.4 MPH) Antonio Gutierrez to third Runner from 3rd tries for Home, SAFE, throw by CF to home Jayden Thomas to second
|
|
Batting: RHB Andrew Rich
|
0-0: Ground out 5-3 (Groundball, 56, EV 88.8 MPH)
|
|
Batting: SHB Manny Molina
|
0-0: Foul Ball, location: 2F 0-1: Ball 1-1: Ball 2-1: Ball 3-1: Called Strike 3-2: Strikes out swinging
|
| Top of the 8th over - 1 run, 2 hits, 0 errors, 1 left on base; Minnesota (NYP) 6 - Mahoning Valley 8 |
| BOTTOM OF THE 8TH |
|
Mahoning Valley Scrappers batting - Pitching for Minnesota (NYP) Twins : RHP Regan Kalinski
|
|
Batting: SHB Jay Rook
|
0-0: Called Strike 0-1: Swinging Strike 0-2: Ball 1-2: Ball 2-2: Fly out, F8 (Flyball, 8RM, EV 83.8 MPH)
|
|
Batting: RHB Justin Teague
|
0-0: Swinging Strike 0-1: Swinging Strike 0-2: Fly out, F1 (Popup, P, EV 78.1 MPH)
|
|
Batting: RHB Jose Argueta
|
0-0: Ball 1-0: Ball 2-0: Ball 3-0: Base on Balls
|
|
Batting: RHB Aaron Stout
|
0-0: Called Strike Jose Argueta steals 2nd base 0-1: Fly out, F9 (Flyball, 9S, EV 76.2 MPH)
|
| Bottom of the 8th over - 0 runs, 0 hits, 0 errors, 1 left on base; Minnesota (NYP) 6 - Mahoning Valley 8 |
| TOP OF THE 9TH |
|
Minnesota (NYP) Twins batting - Pitching for Mahoning Valley Scrappers : LHP Darrell Verkaik
|
|
Now in RF: Jason Roberts
|
|
|
Batting: SHB Matt Urbani
|
0-0: Called Strike 0-1: Ball 1-1: Ball 2-1: Ball 3-1: Base on Balls
|
|
Pitching: RHP Billy Durham
|
|
|
Batting: LHB Kuemon Shishido
|
0-0: Ball 1-0: Ball 2-0: Ball Wild Pitch! Matt Urbani to second 3-0: Called Strike 3-1: Foul Ball, location: 2F 3-2: DOUBLE (Line Drive, 9LM, EV 105.6 MPH) Matt Urbani scores
|
|
Batting: SHB Chris Hull
|
Balk! Kuemon Shishido to third 0-0: Ball 1-0: Ball 2-0: Ball 3-0: Base on Balls
|
|
Batting: RHB Ryan Starks
|
0-0: Called Strike 0-1: Swinging Strike 0-2: Ball 1-2: Ball 2-2: Ball Wild Pitch! Kuemon Shishido scores Chris Hull to second 3-2: Base on Balls
|
|
Batting: LHB Antonio Gutierrez
|
0-0: Bunted foul 0-1: Bunted foul 0-2: Fly out, F9 (Flyball, 9LD, EV 100.0 MPH)
|
|
Batting: RHB Israel Gaona
|
0-0: Ball 1-0: Called Strike 1-1: Ball 2-1: Grounds into double play, 6-4-3 (Groundball, 6, EV 84.4 MPH)
|
| Top of the 9th over - 2 runs, 1 hit, 0 errors, 1 left on base; Minnesota (NYP) 8 - Mahoning Valley 8 |
| BOTTOM OF THE 9TH |
|
Mahoning Valley Scrappers batting - Pitching for Minnesota (NYP) Twins : RHP Regan Kalinski
|
|
Pitching: RHP Chad Brock
|
|
|
Batting: SHB Javon Mitchell
|
0-0: Called Strike 0-1: Ball 1-1: Swinging Strike 1-2: SINGLE (Groundball, 34D, EV 96.2 MPH)
|
|
Batting: RHB Luke Burnham
|
0-0: Ball 1-0: Foul Ball, location: 2F 1-1: Foul Ball, location: 2F 1-2: Ball 2-2: Strikes out swinging
|
|
Batting: RHB Steve Gusman
|
0-0: Ball Javon Mitchell is caught stealing 2nd base 2-4 1-0: Called Strike 1-1: Ball 2-1: Foul Ball, location: 2F 2-2: Ground out 6-3 (Groundball, 6, EV 89.4 MPH)
|
| Bottom of the 9th over - 0 runs, 1 hit, 0 errors, 0 left on base; Minnesota (NYP) 8 - Mahoning Valley 8 |
| TOP OF THE 10TH |
|
Minnesota (NYP) Twins batting - Pitching for Mahoning Valley Scrappers : RHP Billy Durham
|
|
Batting: LHB Jayden Thomas
|
0-0: Ball 1-0: Ball 2-0: Ball 3-0: Called Strike 3-1: SINGLE (Groundball, 4MD, EV 98.1 MPH)
|
|
Batting: RHB Andrew Rich
|
0-0: Ball Balk! Jayden Thomas to second 1-0: Bunt missed! 1-1: Bunt missed! 1-2: Strikes out swinging
|
|
Batting: SHB Manny Molina
|
Balk! Jayden Thomas to third 0-0: Ball 1-0: Ball Wild Pitch! Jayden Thomas scores 2-0: Called Strike 2-1: Fly out, F6 (Line Drive, 56, EV 65.0 MPH)
|
|
Batting: SHB Matt Urbani
|
0-0: Ball 1-0: Swinging Strike 1-1: Ball 2-1: Swinging Strike 2-2: Ball 3-2: Strikes out swinging
|
| Top of the 10th over - 1 run, 1 hit, 0 errors, 0 left on base; Minnesota (NYP) 9 - Mahoning Valley 8 |
| BOTTOM OF THE 10TH |
|
Mahoning Valley Scrappers batting - Pitching for Minnesota (NYP) Twins : RHP Chad Brock
|
|
Batting: RHB Jason Roberts
|
0-0: Called Strike 0-1: Swinging Strike 0-2: Strikes out swinging
|
|
Batting: RHB Luis Roman
|
0-0: Ball 1-0: Called Strike 1-1: Ball 2-1: Called Strike 2-2: Ball 3-2: Base on Balls
|
|
Batting: SHB Jay Rook
|
0-0: Ball 1-0: Ball 2-0: Ball 3-0: Called Strike 3-1: Base on Balls Luis Roman to second
|
|
Batting: RHB Justin Teague
|
0-0: Ball 1-0: Fly out, F8 (Line Drive, 78M, EV 108.8 MPH)
|
|
Batting: RHB Jose Argueta
|
0-0: Swinging Strike 0-1: Ball 1-1: Called Strike 1-2: Ball 2-2: Ball 3-2: Base on Balls Luis Roman to third Jay Rook to second
|
|
Batting: RHB Aaron Stout
|
0-0: Called Strike 0-1: Ball 1-1: Ball 2-1: Foul Ball, location: 2F 2-2: Ball 3-2: Foul Ball, location: 2F 3-2: Ground out 5-3 (Groundball, 15, EV 84.4 MPH)
|
| Bottom of the 10th over - 0 runs, 0 hits, 0 errors, 3 left on base; Minnesota (NYP) 9 - Mahoning Valley 8 |
|